Map: Catalyst LE

Players

PapaSchlumpf - Winner!

  • Race: Zerg Zerg
  • League: Gold
  • Spawn Location: 11:00

Atmos

  • Race: Protoss Protoss
  • Spawn Location: 5:00

VOD

Have the link to the VOD?

Description

Time

  • Played on: May 8, 2018, 6:09 a.m.
  • Length: 16:11
Show
View Real Time Build Order
Export as new Build Order

PapaSchlumpf Zerg - Winner!

Build Orders: Hatch First 

Get SALT Encoding   

  12  0:02  Drone  
  13  0:13  Drone  
  14  0:39  Hatchery, Drone  
  14  1:10  Hatchery  
  14  1:11  Drone  
  14  1:36  Hatchery, Drone  
  14  1:41  Extractor  
  14  1:42  Drone  
  14  1:51  Drone x2  
  16  1:55  Drone  
  16  1:59  Drone  
  18  2:24  Spawning Pool  
  18  2:25  Drone x2  
  19  2:30  Drone  
  19  2:32  Drone  
  19  2:35  Drone  
  22  2:39  Drone  
  22  2:43  Drone  
  24  2:46  Drone  
  25  3:01  Drone x5  
  25  3:03  Drone  
  25  3:05  Drone  
  32  3:12  Lair  
  32  3:22  Overlord  
  32  3:24  Overlord  
  32  3:26  Overlord  
  32  3:29  Overlord  
  32  3:32  Pneumatized Carapace  
  32  3:48  Drone x8  
  34  3:49  Drone  
  34  3:51  Drone  
  38  3:55  Spore Crawler  
  38  4:00  Spore Crawler  
  32  4:06  Spore Crawler  
  32  4:09  Spore Crawler  
  31  4:10  Spore Crawler  
  31  4:11  Spore Crawler  
  31  4:12  Spore Crawler  
  26  4:20  Spore Crawler  
  26  4:21  Spore Crawler  
  26  4:24  Spore Crawler  
  25  4:33  Drone  
  25  4:34  Drone  
  25  4:35  Drone  
  25  4:36  Drone x4  
  25  4:37  Drone  
  33  4:39  Drone  
  33  4:44  Zergling x2  
  33  4:45  Zergling x4  
  36  4:48  Zergling x2  
  36  4:51  Zergling x2  
  39  4:53  Zergling x2  
  39  4:55  Zergling x2  
  39  4:59  Spore Crawler  
  40  5:02  Spore Crawler  
  36  5:15  Hydralisk Den  
  36  5:20  Evolution Chamber  
  36  5:21  Evolution Chamber  
  31  5:29  Spore Crawler x2  
  31  5:30  Drone x7  
  31  5:33  Drone  
  31  5:35  Drone  
  38  5:48  Grooved Spines  
  37  5:51  Zerg Missile Weapons Level 1  
  37  5:54  Drone x4  
  41  5:57  Extractor  
  41  5:59  Extractor  
  41  6:03  Drone x4  
  41  6:04  Drone  
  44  6:06  Drone  
  44  6:08  Extractor  
  44  6:11  Drone, Extractor  
  44  6:12  Drone  
  44  6:14  Drone  
  44  6:15  Drone  
  47  6:24  Drone x4  
  51  6:27  Queen  
  51  6:32  Queen  
  55  6:36  Queen  
  57  6:41  Queen  
  59  6:57  Drone x5  
  59  6:58  Overlord  
  59  6:59  Overlord x3  
  64  7:02  Zerg Ground Armor Level 1  
  64  7:04  Muscular Augments  
  64  7:19  Drone x3  
  64  7:20  Drone x3  
  64  7:21  Drone x3  
  73  7:23  Drone x2  
  75  7:30  Infestation Pit  
  75  7:35  Drone x2  
  76  7:44  Drone x3  
  79  7:47  Drone x10  
  89  7:51  Drone, Extractor  
  89  7:52  Extractor  
  89  7:53  Hydralisk x4  
  96  8:09  Hive  
  95  8:25  Overlord x14  
  95  8:47  Drone x2  
  95  8:48  Drone x2  
  99  8:50  Drone x3  
  102  8:58  Drone x3  
  105  9:06  Drone x2  
  105  9:07  Drone  
  105  9:09  Hatchery, Extractor x2  
  105  9:11  Extractor  
  105  9:12  Hatchery  
  105  9:15  Zerg Missile Weapons Level 2  
  105  9:16  Zerg Ground Armor Level 2, Extractor  
  102  9:21  Hatchery  
  102  9:22  Drone x3  
  102  9:23  Extractor  
  103  9:24  Extractor  
  102  9:41  Extractor  
  102  9:42  Hatchery  
  102  9:43  Hydralisk  
  102  9:44  Hydralisk x14, Extractor  
  126  9:56  Spire  
  126  9:59  Spire  
  124  10:11  Hydralisk x8  
  124  10:12  Hydralisk x3  
  146  10:44  Zergling x28  
  146  10:45  Zergling x14  
  146  10:46  Zergling x4  
  169  11:05  Metabolic Boost  
  169  11:08  Zerg Flyer Weapons Level 1  
  169  11:09  Mutalisk x11  
  191  11:16  Zerg Flyer Armor Level 1  
  191  11:17  Extractor  
  190  11:19  Drone x3  
  190  11:20  Drone  
  190  11:21  Drone x2  
  190  11:22  Drone x3  
  190  11:23  Drone  
  185  11:48  Mutalisk x6  
  169  12:11  Hydralisk x12  
  169  12:15  Drone x3  
  195  12:16  Drone x2  
  195  12:17  Drone  
  197  12:32  Hydralisk  
  197  12:36  Zerg Missile Weapons Level 3  
  199  12:37  Zerg Ground Armor Level 3  
  199  12:39  Extractor  
  199  12:41  Hatchery  
  199  12:42  Extractor  
  199  12:43  Pathogen Glands  
  196  12:46  Adrenal Glands  
  196  13:17  Overseer x10  
  197  13:20  Zergling x6  
  199  13:27  Zergling x4  
  199  13:28  Zergling x8  
  199  13:30  Zergling x8  
  118  14:05  Mutalisk x21  
  118  14:08  Mutalisk  
  141  14:23  Mutalisk x5  
  132  14:49  Mutalisk x7  
  146  15:04  Zergling x38  
  146  15:05  Zergling x16  
  173  15:11  Drone  
Show
View Real Time Build Order
Export as new Build Order

Atmos Protoss 

Build Orders: Oracle Opening 

Get SALT Encoding   

  12  0:01  Probe  
  13  0:13  Probe  
  14  0:20  Pylon  
  14  0:26  Probe  
  15  0:38  Probe  
  15  0:40  Gateway  
  16  0:50  Assimilator, Probe  
  17  1:00  Assimilator  
  17  1:02  Probe  
  18  1:09  Pylon  
  18  1:14  Probe  
  19  1:26  Probe  
  20  1:33  Cybernetics Core  
  20  1:34  Zealot  
  20  1:38  Probe  
  23  1:41  Protoss Air Weapons Level 1  
  23  1:50  Probe  
  24  2:11  Stargate  
  24  2:14  Probe  
  25  2:18  Stalker  
  27  2:45  Forge  
  27  2:48  Oracle, Pylon  
  30  3:03  Pylon  
  30  3:05  Stalker  
  32  3:35  Nexus  
  32  3:40  Assimilator  
  32  3:41  Probe  
  33  3:44  Pylon  
  33  3:50  Warp Gate  
  33  3:53  Probe  
  34  3:57  Oracle  
  37  4:04  Protoss Ground Weapons Level 1  
  37  4:20  Probe  
  38  4:26  Gateway  
  38  4:32  Probe  
  38  4:38  Oracle  
  42  4:44  Stalker  
  44  4:48  Probe x2  
  46  5:00  Probe  
  38  5:26  Stalker x2  
  39  5:29  Void Ray  
  39  5:31  Probe x2  
  45  5:42  Robotics Facility  
  45  5:43  Probe x2  
  44  5:55  Assimilator, Probe x2  
  46  6:00  Protoss Air Armor Level 1  
  46  6:07  Probe  
  46  6:08  Probe  
  48  6:14  Protoss Ground Armor Level 1  
  48  6:20  Probe x2  
  50  6:32  Probe x2  
  52  6:33  Pylon  
  52  6:34  Pylon  
  52  6:44  Probe x2, Robotics Bay  
  54  6:48  Gateway  
  54  6:50  Gateway  
  54  6:54  Immortal  
  58  6:59  Void Ray  
  61  7:30  Stalker  
  61  7:31  Stalker  
  61  7:36  Colossus  
  71  7:40  Extended Thermal Lance  
  71  8:01  Fleet Beacon  
  71  8:04  Zealot x3  
  71  8:05  Zealot  
  79  8:34  Void Ray  
  83  8:45  Nexus  
  83  8:49  Probe x2  
  83  8:50  Pylon  
  83  8:51  Pylon  
  83  8:53  Pylon  
  83  8:55  Assimilator, Pylon  
  85  9:01  Probe  
  86  9:03  Protoss Shields Level 1  
  86  9:08  Colossus, Protoss Air Weapons Level 2, Probe, Pylon  
  93  9:11  Pylon  
  93  9:13  Probe  
  93  9:14  Assimilator  
  94  9:21  Probe  
  95  9:26  Twilight Council  
  95  9:33  Graviton Catapult  
  95  9:38  Probe x2  
  97  9:50  Probe x2  
  99  9:57  Probe  
  100  10:02  Probe x2  
  102  10:09  Carrier, Probe  
  109  10:14  Probe x2  
  109  10:15  Colossus  
  117  10:55  Protoss Ground Weapons Level 2  
  117  10:56  Stalker x3  
  123  10:58  Stalker  
  123  11:04  Dark Shrine  
  125  11:14  Protoss Air Armor Level 2  
  125  11:28  Colossus  
  131  11:34  Carrier  
  97  12:12  Photon Cannon  
  97  12:21  Dark Templar x3  
  97  12:22  Dark Templar  
  105  12:24  Charge  
  105  12:34  Pylon  
  105  12:41  Colossus  
  111  12:58  Zealot x3  
  113  12:59  Zealot  
  113  13:02  Carrier  
  113  13:03  Protoss Ground Armor Level 2  
  117  13:30  Protoss Air Weapons Level 3  
  98  13:52  Zealot x2  
  98  13:53  Zealot x2  
  72  14:33  Dark Templar x2  
  72  14:34  Dark Templar x2  
  78  14:44  Carrier  
  66  15:03  Stargate  
  66  15:06  Stargate  
  56  15:11  Gateway  
  56  15:13  Gateway  
  56  15:14  Dark Templar  
  56  15:15  Gateway, Dark Templar x3  
  56  15:16  Gateway  
  56  15:17  Gateway  
  64  15:30  Gateway  
  64  15:31  Gateway  
  64  15:33  Gateway  
  64  15:35  Archon x2  
  64  15:36  Archon x2  
Tags
 
Add a new tag
Caveats
  • Supply blocks, unpowered buildings, or Contaminate may cause inaccurate times.
  • Supply counts are checked every 10 seconds.